 Dungeon Crawl Stone Soup version 0.28.0 (webtiles) character file.

Game seed: 9355986898236199116

31 croobank the Grasshopper (level 3, 0/30 HPs)
             Began as a Ghoul Warper on Feb 8, 2022.
             Slain by a worm (4 damage)
             ... on level 2 of the Dungeon.
             The game lasted 00:03:46 (1347 turns).

croobank the Grasshopper (Ghoul Warper)             Turns: 1347, Time: 00:03:47

Health: 0/30       AC:  3    Str: 14    XL:     3   Next: 22%
Magic:  4/4        EV: 11    Int: 10    God:
Gold:   58         SH:  0    Dex:  8    Spells: 3/5 levels left

rFire   . . .      SeeInvis .     - Unarmed
rCold   + . .      Faith    .   (no shield)
rNeg    + + +      Spirit   .   a - +0 leather armour
rPois   ∞          Reflect  .   (no helmet)
rElec   .          Harm     .   (no cloak)
rCorr   .          Rampage  .   (no gloves)
Will    .....                   (no boots)
Stlth   +.........              g - amulet of regeneration
HPRegen 0.00/turn               (no ring)
MPRegen 0.09/turn               (no ring)

@: inhibited regen
A: claws 1, cold resistance 1, negative energy resistance 3, inhibited
regeneration, torment resistance 2
a: no special abilities


You were on level 2 of the Dungeon.
You visited 1 branch of the dungeon, and saw 2 of its levels.

You collected 84 gold pieces.
You spent 26 gold pieces at shops.

Inventory:

Missiles
 c - 3 boomerangs of dispersal (quivered)
 d - 33 stones
Armour
 a - a +0 leather armour (worn)
 k - a +0 ring mail
Jewellery
 g - an amulet of regeneration (around neck)
 i - a ring of flight
Scrolls
 b - a scroll of blinking
 e - a scroll of teleportation {unknown}
 j - 5 scrolls of enchant weapon
Potions
 f - a potion of invisibility {unknown}
 h - 2 potions of curing {unknown}


   Skills:
 + Level 2.5 Fighting
 + Level 0.8 Throwing
 + Level 1.0 Armour
 + Level 2.1 Dodging
 + Level 0.6 Stealth
 + Level 2.6 Unarmed Combat
 + Level 1.9 Spellcasting
 + Level 3.0 Translocations


You had 3 spell levels left.
You knew the following spells:

 Your Spells              Type           Power      Damage    Failure   Level
a - Blink                 Tloc           12%        N/A       17%         2

Your spell library contained the following spells:

 Spells                   Type           Power      Damage    Failure   Level
 Gell's Gravitas          Tloc           6%         N/A       34%         3
 Lesser Beckoning         Tloc           6%         N/A       34%         3
 Teleport Other           Tloc           6%         N/A       34%         3
 Manifold Assault         Tloc           6%         N/A       97%         5


Dungeon Overview and Level Annotations

Branches:
Dungeon (2/15)

Altars:

Shops:
D:1 *


Innate Abilities, Weirdness & Mutations

You thrive by killing the living.
You are immune to poison.
You have sharp fingernails.
Your flesh is cold resistant. (rC+)
You are immune to negative energy. (rN+++)
You do not regenerate when monsters are visible.
You are immune to unholy pain and torment.


Message History

You see here a hobgoblin corpse.
HP restored.
A rat comes into view.
You see here 5 gold pieces.
You now have 58 gold pieces (gained 5).
You claw the rat!
You kill the rat!
You see here a rat corpse.
j - 5 scrolls of enchant weapon (gained 3)
Okay, then.
i - a ring of flight A worm comes into view.
Throw: 5 boomerangs (disperse)
Press: ? - help, Q - select action, (/) - cycle Shift-Dir - straight line, f - worm
Aim: a worm (75% to hit)
You throw a boomerang of dispersal.
The boomerang of dispersal hits the worm.
The worm blinks!
The worm misses you.
You scratch the worm.
The worm is lightly wounded.
You scratch the worm.
The worm is moderately wounded.
The worm bites you!
You scratch the worm.
The worm is moderately wounded.
You barely miss the worm.
The worm is moderately wounded.
The worm bites you!
You scratch the worm.
The worm is severely wounded.
The worm bites you!
* * * LOW HITPOINT WARNING * * *
Throw: 4 boomerangs (disperse)
Press: ? - help, Q - select action, (/) - cycle Shift-Dir - straight line, f/p - worm
Aim: a worm (heavily wounded, 75% to hit)
You throw a boomerang of dispersal.
The boomerang of dispersal barely misses the worm.
The worm bites you.
You die...

#...........#
#.#########.# #.#
#.# #.# #.#
######.####### #.#
#............###.#
##.####............
#..........##.##...
#.@####..#.........
#w.# #..####......
#...# #..#######..#
#.### #...........#
#. ##########... #.
#### #. ##


You could see a worm.

Vanquished Creatures
  5 ball pythons (D:1)
  3 endoplasms (D:1)
  2 giant cockroaches (D:1)
  3 goblins (D:1)
  3 hobgoblins
  3 jackals (D:1)
  A quokka (D:1)
  2 bats (D:1)
  2 kobolds (D:1)
  4 rats
28 creatures vanquished.

Notes
Turn   | Place    | Note
-------+----------+-------------------------------------------
     0 | D:1      | croobank the Ghoul Warper began the quest for the Orb.
     0 | D:1      | Reached XP level 1. HP: 17/17 MP: 2/2
   177 | D:1      | Reached XP level 2. HP: 11/24 MP: 3/3
   580 | D:1      | Found Gowedec's General Store.
   624 | D:1      | Bought a scroll of identify for 26 gold pieces
   756 | D:1      | Reached skill level 3 in Translocations
   772 | D:1      | Reached skill level 1 in Armour
   781 | D:1      | Reached XP level 3. HP: 26/30 MP: 4/4
   784 | D:1      | Learned a level 2 spell: Blink
  1347 | D:2      | Slain by a worm

Illustrated notes

Levels and vault maps discovered:
D:1:      dpeg_arrival_short_road, layout_loops_corners, serial_shops, shop
D:2:      minmay_evil_eye, layout_loops_ring, uniq_jessica

Skill      XL: |  1  2 |
---------------+-------+-----
Dodging        | 2 |  2.1
Translocations | 3 |  3.0
Armour         | 1 |  1.0
Fighting       | |  2.5
Throwing       | |  0.8
Stealth        | |  0.6
Unarmed Combat | |  2.6
Spellcasting   | |  1.9

Action                   || total
-------------------------++-------
Melee: Unarmed           ||   110
       Punch             ||     1
Throw: Boomerang         ||     2
  Use: Scroll            ||     1
Armor: Leather armour    ||    30
Dodge: Dodged            ||    70
